 Dungeon Crawl Stone Soup version 0.18.1-5-g4a78601 (webtiles) character file.

44 varam the Ruffian (level 3, 37/37 HPs)
             Began as a Troll Monk on May 9, 2016.
             Was a Priest of Lugonu.
             Quit the game on level 2 of the Dungeon.
             The game lasted 00:02:43 (697 turns).

varam the Ruffian (Troll Monk)                       Turns: 697, Time: 00:02:43

Health: 37/37      AC:  5    Str: 19    XL:     3   Next: 41%
Magic:  2/2        EV: 10    Int:  6    God:    Lugonu [***...]
Gold:   102        SH:  0    Dex: 13    Spells: 0 memorised, 2 levels left

rFire  . . .     SeeInvis .       - Unarmed
rCold  . . .     Gourm    +     a - +0 robe
rNeg   . . .     Faith    .     (no shield)
rPois  .         Spirit   .     (helmet restricted)
rElec  .         Dismiss  .     (no cloak)
rCorr  .         Reflect  .     (gloves unavailable)
SustAt .         Harm     .     (boots unavailable)
MR     .....                    (no amulet)
Stlth  +.........               (no ring)
                                (no ring)

@: not resistant to hostile enchantments, very unstealthy
A: unfitting armour, claws 3, fast metabolism 3, gourmand, regeneration 2,
shaggy fur 1, tough skin 2
a: Depart the Abyss, Bend Space, Banish, Renounce Religion


You were on level 2 of the Dungeon.
You worshipped Lugonu.
Lugonu was most pleased with you.
You were very full.

You visited 1 branch of the dungeon, and saw 2 of its levels.

You collected 102 gold pieces.

Inventory:

Armour
 a - a +0 robe (worn)
Jewellery
 j - an uncursed ring of wizardry {unknown}
 q - an uncursed ring of ice {unknown}
Scrolls
 f - a scroll of enchant weapon {unknown}
 i - a scroll of identify {unknown}
 m - a scroll of noise {unknown}
 n - a scroll of teleportation {unknown}
 p - 3 scrolls of remove curse {unknown}
Potions
 d - 2 potions of degeneration {unknown}
 e - 2 potions of curing {unknown}
 g - a potion of flight {unknown}
 h - a potion of brilliance {unknown}
 k - a potion of resistance {unknown}
 l - a potion of might {unknown}
 o - a potion of lignification {unknown}
Comestibles
 b - 2 bread rations


   Skills:
 + Level 3.0 Fighting
 + Level 2.8 Dodging
 - Level 1.1 Stealth
 + Level 4.3 Unarmed Combat


You had 2 spell levels left.
You didn't know any spells.

Dungeon Overview and Level Annotations

Branches:
Dungeon (2/15)

Altars:
Cheibriados
Fedhas
Makhleb
Nemelex Xobeh
Qazlal
Trog
Xom
The Shining One
Lugonu


Innate Abilities, Weirdness & Mutations

You are too large for most types of armour.
You have claws for hands.
Your metabolism is lightning-fast.
You like to eat raw meat.
You heal very quickly.
You are covered in fur (AC +1).
You have very tough skin (AC +2).


Message History

Found a snail-covered altar of Cheibriados and a stormy altar of Qazlal.
Found a sparkling altar of Nemelex Xobeh.
Found a blossoming altar of Fedhas.
e - 2 white potions (gained 1)
There is a snail-covered altar of Cheibriados here.
Found a stone staircase leading down.
Found a stone staircase leading down.
Found a ring mail.
No target in view!
Found a hunting sling and 30 stones.
Found a faded altar to an unknown god.
You see here a ring mail.
Found 16 sling bullets.
There is a faded altar to an unknown god here.
This altar will convert you to a god.
You cannot discern which.
Do you pray? Lugonu accepts your prayer! Lugonu welcomes you!
You can now depart the Abyss.
You can now bend space around yourself.
You can now banish your foes.
Are you sure you want to abandon this character and quit the game? (Confirm with "yes".)

## .. #### .# ## ..
...#####.# ... #.
#.......## ...##.####
#(......## #.>......#
#...8....# #..#.#.##
#..8.8...#..
.##...#..###.8.@.8.....
.###.>.#...#..8.8...#..
#..###......#...8...##
..<# #.####[........# .
.# #.# #)...(....# ##.#
#.# ###...#...#
##.###.#######..#.....
......................
##..#..........##.....


There were no monsters in sight!

Vanquished Creatures
  An adder (D:2)
  4 dart slugs (D:1)
  5 goblins (D:1)
  7 hobgoblins
  3 kobolds (D:1)
  A giant newt (D:2)
  6 rats (D:1)
27 creatures vanquished.

Notes
Turn   | Place    | Note
--------------------------------------------------------------
     0 | D:1      | varam the Troll Monk began the quest for the Orb.
     0 | D:1      | Reached XP level 1. HP: 22/22 MP: 0/0
    23 | D:1      | Reached XP level 2. HP: 29/29 MP: 1/1
   305 | D:1      | Reached XP level 3. HP: 36/36 MP: 2/2
   534 | D:1      | Found a glowing golden altar of the Shining One.
   640 | D:2      | Found a burning altar of Makhleb.
   640 | D:2      | Found a shimmering altar of Xom.
   640 | D:2      | Found a bloodstained altar of Trog.
   642 | D:2      | Found a snail-covered altar of Cheibriados.
   642 | D:2      | Found a stormy altar of Qazlal.
   644 | D:2      | Found a sparkling altar of Nemelex Xobeh.
   645 | D:2      | Found a blossoming altar of Fedhas.
   691 | D:2      | Found a faded altar to an unknown god.
   697 | D:2      | Became a worshipper of Lugonu the Unformed
   697 | D:2      | Reached * piety under Lugonu
   697 | D:2      | Reached ** piety under Lugonu
   697 | D:2      | Reached *** piety under Lugonu
   697 | D:2      | Quit the game

Skill      XL: |  1  2  3 |
---------------+----------+-----
Fighting       | 3 |  3.0
Dodging        | |  2.8
Stealth        | |  1.1
Unarmed Combat | |  4.3

Action                   || total
-------------------------++-------
Melee: Unarmed           ||    47
       Punch             ||     1
  Eat: Chunk             ||    11
Armor: Robe              ||     9
Dodge: Dodged            ||    19
